 Dungeon Crawl Stone Soup version 0.29.1-4-g47bece8355 (webtiles) character file.

Game seed: 8091029735420804016

178 ChadusMaximus the Trooper (level 5, 0/47 HPs)
             Began as a Minotaur Fighter on Dec 9, 2022.
             Succumbed to a scorpion's poison
             ... on level 3 of the Dungeon.
             The game lasted 00:01:28 (1977 turns).

ChadusMaximus the Trooper (Minotaur Fighter)        Turns: 1977, Time: 00:01:28

Health: 0/47       AC:  9    Str: 23    XL:     5   Next: 32%
Magic:  4/4        EV:  7    Int:  5    God:
Gold:   83         SH:  4    Dex:  9    Spells: 4/4 levels left

rFire   + . .      SeeInvis .   a - +0 war axe
rCold   . . .      Faith    .   c - +0 buckler
rNeg    . . .      Spirit   .   m - +0 chain mail
rPois   .          Reflect  .   (helmet restricted)
rElec   .          Harm     .   (no cloak)
rCorr   .          Rampage  .   (no gloves)
Will    .....                   (no boots)
Stlth   ..........              (no amulet)
HPRegen 0.15/turn               i - ring of protection from fire
MPRegen 0.09/turn               (no ring)

@: lethally poisoned (0 -> -12)
A: horns 2, retaliatory headbutt
a: no special abilities


You were on level 3 of the Dungeon.
You visited 1 branch of the dungeon, and saw 3 of its levels.

You collected 83 gold pieces.

Inventory:

Hand Weapons
 a - a +0 war axe (weapon)
Armour
 b - a +0 scale mail
 c - a +0 buckler (worn)
 m - a +0 chain mail (worn)
Jewellery
 i - a ring of protection from fire (left hand)
Scrolls
 f - 4 scrolls of fear {unknown}
 h - a scroll of identify {unknown}
 j - a scroll of enchant armour {unknown}
 l - a scroll of immolation {unknown}
 q - a scroll of vulnerability {unknown}
Potions
 d - a potion of might
 e - a potion of curing {unknown}
 g - 2 potions of heal wounds {unknown}
 k - 2 potions of invisibility {unknown}
 n - 2 potions of cancellation {unknown}
 o - a potion of lignification {unknown}
 p - 2 potions of brilliance {unknown}


   Skills:
 + Level 4.8 Fighting
 + Level 3.9 Axes
 + Level 4.8 Armour
 + Level 4.8 Shields


You had 4 spell levels left.
You didn't know any spells.
Your spell library contained the following spells:

 Spells                   Type           Power      Damage    Failure   Level
 Blink                    Tloc           0%         N/A       100%        2
 Lesser Beckoning         Tloc           0%         N/A       100%        3
 Manifold Assault         Tloc           0%         N/A       100%        5


Dungeon Overview and Level Annotations

Branches:
Dungeon (3/15)

Altars:


Innate Abilities, Weirdness & Mutations

You have a pair of horns on your head.
You reflexively headbutt those who attack you in melee.


Message History

You hit the scorpion.
The scorpion stings you but does no damage.
You block the kobold brigand's attack.
The scorpion stings you but does no damage.
You hit the scorpion.
The scorpion is heavily wounded.
You closely miss the kobold brigand. You block the scorpion's attack.
The kobold brigand hits you with a +0 dagger!
The scorpion stings you.
You hit the scorpion. Your headbutt misses the scorpion.
The scorpion is severely wounded.
You hit the kobold brigand.
The kobold brigand hits you but does no damage.
The scorpion stings you.
You are poisoned.
The scorpion poisons you! You block the kobold brigand's attack.
You hit the scorpion but do no damage. You headbutt the scorpion.
The scorpion is severely wounded.
You hit the kobold brigand.
You feel very sick. You block the scorpion's attack.
The kobold brigand closely misses you. The scorpion stings you.
You are lethally poisoned!
The scorpion poisons you!
You closely miss the scorpion. You headbutt the scorpion.
You kill the scorpion!
You closely miss the kobold brigand.
* * * LOW HITPOINT WARNING * * *
You feel extremely sick. You block the kobold brigand's attack.
You have reached level 5!
You miss the kobold brigand.
The kobold brigand is heavily wounded.
* * * LOW HITPOINT WARNING * * *
You feel very sick.
The kobold brigand hits you but does no damage.
You block the kobold brigand's attack.
You hit the kobold brigand. You headbutt the kobold brigand.
The kobold brigand is severely wounded.
You die...

#.......##......#..###.#
#.......##......#.## #
#.......##†.......# #.
#..........#### #.
###..#J##### #...(.##.#
###..#.##.#####
#.?.>#†KJ.....#
#.....@######.#
#.............
##.....####### #######


You could see a kobold brigand and an endoplasm.

Vanquished Creatures
  A scorpion (D:3)
  5 adders
  2 worms (D:2)
  3 dart slugs
  An orc (D:3)
  6 ball pythons
  7 bats (D:1)
  5 endoplasms
  4 giant cockroaches
  A goblin (D:2)
  A hobgoblin (D:2)
  7 jackals (D:1)
  2 quokkas
  4 frilled lizards
  5 kobolds
  7 rats
61 creatures vanquished.

Notes
Turn   | Place    | Note
-------+----------+-------------------------------------------
     0 | D:1      | ChadusMaximus the Minotaur Fighter began the quest for the
                  | Orb.
     0 | D:1      | Reached XP level 1. HP: 19/19 MP: 0/0
   203 | D:1      | Reached XP level 2. HP: 27/27 MP: 1/1
   683 | D:1      | Reached XP level 3. HP: 28/33 MP: 2/2
  1226 | D:2      | Reached XP level 4. HP: 40/40 MP: 3/3
  1958 | D:3      | Noticed a kobold brigand
  1959 | D:3      | Noticed a scorpion
  1975 | D:3      | Killed a scorpion
  1976 | D:3      | Reached XP level 5. HP: 9/47 MP: 4/4
  1977 | D:3      | Succumbed to a scorpion's poison

Illustrated notes

Levels and vault maps discovered:
D:1:      lemuel_arrival_hallway, layout_loops_ring
D:2:      layout_loops_ring, chequers_serial_rivers_micro_c
D:3:      layout_basic

Skill      XL: |  1  2 |
---------------+-------+-----
Shields        | 4 |  4.8
Armour         | 4 |  4.8
Fighting       | 4 |  4.8
Axes           | 3 |  3.9

Action                   |  1- 3 |  4- 6 || total
-------------------------+-------+-------++-------
Melee: War axe           |    88 |    42 ||   130
       Headbutt          |    11 |    11 ||    22
Armor: Scale mail        |    42 |       ||    42
       Chain mail        |    23 |    22 ||    45
Dodge: Dodged            |    54 |    17 ||    71
Block: Buckler           |    38 |    16 ||    54
